Map: Galactic Process LE

Players

SortOf - Winner!

  • Race: Zerg Zerg
  • League: Grandmaster

BuenoClinic

  • Race: Terran Terran
  • League: Grandmaster

VOD

Have the link to the VOD?

Description

Time

  • Played on: Oct. 30, 2016, 10:41 a.m.
  • Length: 17:04
Show
View Real Time Build Order
Export as new Build Order

SortOf Zerg - Winner!

Build Orders: Hatch First 

Get SALT Encoding   

  12  0:00  Drone  
  13  0:12  Overlord  
  13  0:17  Drone  
  14  0:31  Drone x2  
  16  0:38  Drone  
  17  0:54  Unknown, Hatchery  
  17  0:55  Drone  
  17  0:59  Drone  
  18  1:10  Extractor  
  17  1:14  Spawning Pool  
  17  1:16  Drone  
  17  1:20  Drone  
  18  1:28  Drone  
  19  1:38  Overlord  
  19  1:49  Drone  
  20  2:00  Queen  
  20  2:01  Zergling x2  
  23  2:05  Queen, Unknown  
  23  2:07  Zergling x2  
  26  2:09  Metabolic Boost  
  26  2:11  Zergling x2  
  27  2:16  Drone  
  28  2:23  Drone  
  28  2:28  Drone  
  30  2:36  Queen  
  32  2:39  Overlord  
  32  2:49  Roach Warren  
  31  2:54  Zergling x6  
  34  3:01  Zergling x4  
  34  3:20  Drone x3  
  34  3:23  Overlord  
  37  3:30  Roach x3  
  43  3:48  Drone x2  
  43  3:52  Overlord  
  43  3:53  Extractor  
  43  3:54  Ravager x2  
  45  3:56  Drone  
  45  3:59  Drone x3  
  45  4:01  Overlord  
  49  4:04  Drone x2  
  51  4:12  Roach x2  
  55  4:21  Drone x2  
  55  4:24  Drone x2  
  59  4:26  Drone  
  59  4:30  Drone x2  
  62  4:34  Drone  
  63  4:40  Drone  
  63  4:41  Ravager  
  63  4:44  Unknown, Hatchery  
  64  4:51  Overlord  
  64  4:54  Drone x2  
  66  5:00  Lair  
  66  5:01  Drone  
  66  5:02  Evolution Chamber  
  66  5:03  Drone  
  67  5:17  Drone x2  
  67  5:23  Drone x2  
  67  5:26  Drone x2  
  67  5:27  Drone x2  
  73  5:28  Drone x2  
  73  5:35  Drone x2  
  71  5:43  Drone  
  71  5:44  Drone  
  72  5:50  Zerg Ground Armor Level 1  
  72  5:52  Roach x2  
  72  5:56  Roach, Unknown  
  78  5:59  Drone  
  78  6:01  Extractor  
  78  6:02  Roach x2  
  78  6:04  Overlord  
  82  6:07  Overlord  
  82  6:15  Overlord  
  82  6:19  Overlord  
  82  6:21  Queen  
  82  6:24  Glial Reconstitution  
  86  6:26  Queen  
  86  6:37  Drone x3  
  88  6:40  Roach x5  
  88  6:43  Drone x2  
  85  6:50  Drone x3  
  85  6:53  Drone x4  
  91  7:00  Spore Crawler  
  90  7:03  Spore Crawler x2  
  90  7:04  Overlord  
  90  7:07  Queen, Drone x2  
  92  7:14  Drone x3  
  95  7:23  Infestation Pit, Drone  
  95  7:29  Overlord  
  95  7:30  Drone x2  
  95  7:31  Overlord  
  95  7:34  Drone x4  
  95  7:35  Drone x2  
  95  7:37  Extractor  
  102  7:39  Extractor  
  103  7:44  Zerg Ground Armor Level 2, Roach  
  99  7:51  Drone x3  
  99  7:52  Drone  
  99  7:53  Drone  
  99  7:54  Drone x5  
  109  7:58  Extractor  
  108  8:06  Roach x5  
  118  8:16  Hive  
  118  8:17  Evolution Chamber  
  117  8:23  Infestor x2  
  121  8:28  Overlord x3  
  121  8:33  Overseer, Overlord  
  121  8:36  Unknown, Hatchery  
  120  8:46  Ravager  
  121  8:51  Roach x9, Zerg Melee Weapons Level 1  
  139  9:02  Zergling x18  
  148  9:15  Zergling x4  
  146  9:20  Overlord  
  146  9:21  Overlord  
  146  9:24  Overlord  
  146  9:29  Ultralisk Cavern  
  143  9:41  Drone x9  
  152  9:47  Unknown  
  152  9:48  Infestor  
  152  9:50  Infestor  
  152  9:51  Overlord  
  156  9:53  Roach x4  
  156  9:56  Extractor x2  
  162  10:03  Overlord x2  
  160  10:16  Roach x8  
  160  10:20  Drone  
  160  10:21  Drone x3  
  177  10:25  Chitinous Plating  
  176  10:33  Ultralisk x2, Zergling x8  
  192  10:43  Evolution Chamber  
  192  10:44  Queen  
  192  10:47  Drone x2  
  192  10:48  Drone  
  192  10:49  Drone x2  
  192  10:51  Overlord  
  191  10:58  Overlord  
  189  11:04  Zerg Ground Armor Level 3  
  189  11:09  Overlord x2  
  187  11:18  Ultralisk x2  
  196  11:19  Zerg Melee Weapons Level 2  
  196  11:21  Spire  
  195  11:37  Unknown, Hatchery  
  187  11:41  Zergling x2  
  187  11:42  Zergling x30  
  182  11:55  Zergling x12  
  187  12:05  Unknown, Hatchery  
  186  12:09  Baneling Nest  
  186  12:10  Drone x3  
  186  12:12  Spore Crawler  
  187  12:19  Adrenal Glands  
  187  12:27  Unknown, Hatchery  
  186  12:30  Infestor x2  
  190  12:37  Extractor  
  190  12:39  Extractor  
  188  12:46  Drone x4  
  186  13:02  Corruptor x10  
  177  13:16  Unknown  
  174  13:24  Zergling x18  
  181  13:34  Extractor  
  181  13:40  Ultralisk, Zergling x2  
  181  13:41  Zergling x4  
  189  13:42  Baneling x3  
  189  13:45  Unknown, Hatchery  
  177  13:56  Zergling x2  
  177  13:57  Zergling x16  
  171  14:13  Zergling x2  
  171  14:15  Zergling x4  
  171  14:16  Zerg Melee Weapons Level 3, Centrifical Hooks  
  172  14:30  Drone  
  172  14:31  Zergling x16  
  153  14:57  Unknown  
  153  15:03  Overlord  
  153  15:07  Spire  
  153  15:11  Ultralisk x2, Zergling x26  
  161  15:22  Drone x4  
  151  15:30  Ultralisk x2  
  151  15:31  Drone  
  157  15:41  Ravager x8  
  163  15:45  Zergling x12  
  163  15:48  Extractor  
  168  15:51  Baneling  
  168  15:52  Baneling  
  168  15:53  Zergling x8  
  159  16:06  Zergling x16  
  155  16:14  Baneling x3  
  155  16:15  Baneling  
  155  16:18  Zergling x14  
  158  16:29  Zergling x8  
  158  16:30  Zergling x2  
  159  16:33  Drone  
  159  16:34  Drone  
Show
View Real Time Build Order
Export as new Build Order

BuenoClinic Terran 

Build Orders: MMM Bio 

Get SALT Encoding   

  12  0:01  SCV  
  13  0:13  SCV  
  14  0:18  Supply Depot  
  14  0:26  SCV  
  15  0:39  SCV  
  15  0:41  Barracks  
  16  0:47  Refinery  
  16  0:52  SCV  
  17  1:00  Barracks  
  17  1:04  SCV  
  18  1:16  SCV  
  19  1:20  Barracks  
  19  1:29  Reaper  
  19  1:31  Refinery  
  20  1:43  Orbital Command  
  20  1:48  Reaper  
  21  1:57  Supply Depot  
  21  2:01  Reaper  
  22  2:10  Reaper  
  23  2:19  SCV  
  23  2:20  Supply Depot  
  23  2:21  Reaper  
  25  2:31  SCV  
  25  2:33  Reaper  
  27  2:42  Reaper  
  27  2:43  SCV  
  29  2:53  Reaper  
  29  2:55  SCV  
  31  3:16  Reaper, Unknown, Command Center  
  31  3:18  Reaper  
  31  3:19  SCV  
  33  3:25  Reaper  
  34  3:28  Supply Depot  
  34  3:31  SCV  
  35  3:44  SCV  
  35  3:47  Factory  
  36  3:54  Barracks Tech Lab  
  36  3:56  SCV  
  36  3:59  Barracks Reactor x2  
  37  4:08  SCV  
  38  4:13  Marine  
  38  4:15  Stimpack  
  39  4:20  SCV  
  40  4:28  Unknown, Orbital Command  
  40  4:32  SCV  
  40  4:34  Starport  
  40  4:35  Marine  
  40  4:37  Marine x4  
  46  4:42  Factory Reactor  
  46  4:44  SCV  
  47  4:50  Supply Depot  
  47  4:53  Marine  
  47  4:54  Marine  
  47  4:55  SCV  
  47  4:56  SCV  
  47  4:58  Marine  
  47  4:59  Marine  
  51  5:03  Marine  
  53  5:07  SCV, Supply Depot  
  53  5:10  Marine  
  53  5:13  SCV  
  56  5:16  Marine  
  56  5:17  Marine  
  56  5:19  SCV  
  59  5:25  SCV  
  60  5:29  Medivac  
  60  5:30  Medivac  
  60  5:31  Marine  
  60  5:32  SCV  
  60  5:35  Marine  
  64  5:36  Marine x2  
  64  5:37  SCV  
  64  5:44  SCV  
  64  5:46  Marine  
  64  5:49  SCV, Marine  
  65  5:53  Factory Tech Lab  
  65  5:54  Marine x2  
  65  5:56  SCV  
  68  6:03  Command Center, Unknown  
  68  6:05  Engineering Bay  
  68  6:06  Marine x2  
  68  6:07  Engineering Bay  
  68  6:11  Refinery  
  70  6:12  Refinery  
  70  6:13  Marine  
  70  6:14  Supply Depot  
  70  6:15  Combat Shields  
  71  6:19  Marine x2  
  71  6:22  Medivac  
  71  6:24  Medivac  
  77  6:26  SCV  
  78  6:34  Marine  
  78  6:35  SCV, Marine  
  78  6:38  SCV  
  76  6:47  SCV  
  76  6:50  SCV  
  76  6:52  Marine  
  76  6:53  Marine  
  79  6:54  Barracks  
  79  6:55  Barracks  
  79  6:57  Terran Infantry Weapons Level 1, Terran Infantry Armor Level 1  
  79  7:00  SCV  
  80  7:02  SCV, Marine  
  80  7:04  Marine x2  
  84  7:09  Supply Depot  
  84  7:10  Marine  
  84  7:12  SCV  
  84  7:15  SCV, Unknown  
  87  7:17  Orbital Command  
  87  7:20  Marine, Siege Tank  
  91  7:25  Supply Depot  
  91  7:26  SCV  
  91  7:27  Marine  
  91  7:28  Marine  
  94  7:34  SCV, Supply Depot  
  94  7:36  Marine x2  
  97  7:38  Marine  
  97  7:40  SCV  
  101  7:47  SCV  
  101  7:48  SCV  
  97  7:53  Barracks Tech Lab  
  97  7:54  Barracks Tech Lab  
  97  7:55  SCV, Marine x2  
  97  7:56  Marauder, Medivac, Refinery x2  
  97  7:57  Medivac  
  104  7:59  SCV  
  104  8:00  Marine  
  104  8:01  SCV  
  104  8:05  Supply Depot, Marine  
  108  8:07  SCV  
  108  8:10  Armory  
  108  8:12  SCV  
  110  8:14  SCV  
  111  8:21  Marauder x2, Marine x2  
  111  8:25  SCV, Supply Depot  
  111  8:26  Supply Depot  
  118  8:28  Medivac x2  
  118  8:33  Supply Depot  
  122  8:34  Supply Depot  
  122  8:38  Marauder, Marine  
  124  8:43  Marauder, Marine  
  127  8:51  SCV x2  
  127  8:52  SCV, Supply Depot  
  127  8:53  Supply Depot  
  130  8:56  Concussive Shells  
  130  8:58  Medivac  
  130  9:01  Terran Infantry Weapons Level 2  
  132  9:03  Terran Infantry Armor Level 2  
  132  9:05  SCV  
  132  9:07  Marine  
  134  9:10  Marine  
  134  9:11  Medivac  
  134  9:16  Marine  
  130  9:17  Marauder  
  130  9:24  Marauder x2, Marine  
  130  9:25  Marine  
  130  9:28  Siege Tank  
  130  9:29  Marine  
  138  9:41  Command Center, Unknown, Marine  
  138  9:43  Marine  
  140  9:47  Medivac  
  140  9:48  Medivac  
  140  9:51  Marine  
  140  9:52  Marauder, Marine  
  148  9:54  Marine  
  148  9:57  Marine  
  148  9:58  Marine  
  151  10:02  Siege Tank  
  154  10:07  Marine  
  154  10:11  Marine  
  154  10:12  Marauder, Marine  
  154  10:13  Marauder  
  160  10:16  Marauder  
  160  10:21  Marine  
  159  10:25  Marine  
  159  10:26  Medivac  
  159  10:27  Medivac  
  161  10:29  Marine  
  161  10:30  Marine  
  161  10:33  Marauder  
  161  10:34  Marauder, Siege Tank  
  167  10:37  Marauder  
  167  10:38  Marine  
  169  10:43  Marine  
  169  10:46  Marine  
  170  10:50  Marine  
  170  10:53  Unknown  
  170  10:54  Supply Depot  
  170  10:55  Marauder, Supply Depot  
  170  10:56  Marauder, Medivac, Marine  
  177  10:57  Medivac  
  177  10:59  Marauder  
  177  11:01  Marine  
  179  11:04  Marine  
  179  11:08  Marine  
  179  11:09  Siege Tank  
  184  11:14  Marine  
  184  11:16  Marauder  
  184  11:17  Marauder  
  170  11:19  Marine  
  170  11:20  Marauder  
  170  11:22  Marine  
  174  11:28  Marine  
  175  11:34  Marine  
  175  11:38  Marauder, Planetary Fortress  
  175  11:39  Marauder  
  175  11:41  Marauder  
  175  11:43  Marine  
  178  11:47  Factory  
  178  11:48  Factory Reactor, Liberator x2  
  178  11:52  Terran Infantry Weapons Level 3  
  177  11:55  Terran Infantry Armor Level 3  
  177  11:59  Marauder  
  177  12:00  Marauder, Marine  
  176  12:02  Marine  
  176  12:03  Marauder  
  181  12:10  Marine x2  
  183  12:18  Marine  
  183  12:20  Marauder  
  183  12:22  Marauder  
  188  12:24  Marauder  
  188  12:25  Sensor Tower  
  188  12:26  Marine, Starport  
  188  12:27  Sensor Tower  
  188  12:28  Fusion Core  
  188  12:29  Marine  
  192  12:41  Liberator  
  192  12:42  Marauder  
  189  12:44  Widow Mine x2  
  189  12:46  Marauder, Marine x2  
  189  12:47  Marauder, Liberator  
  189  12:49  Marine  
  200  13:10  Liberator  
  192  13:12  Marine  
  192  13:13  Marauder  
  192  13:14  Marauder, Marine  
  192  13:16  Marine  
  189  13:20  Marauder, Marine  
  189  13:21  Command Center, Unknown  
  189  13:24  Liberator  
  186  13:30  Liberator  
  179  13:45  Widow Mine x2  
  185  13:50  Marine  
  185  13:51  Marauder  
  185  13:53  Liberator  
  178  13:56  Marauder, Marine  
  178  13:58  Marine x3  
  178  13:59  Widow Mine  
  182  14:04  Barracks  
  182  14:05  Barracks  
  182  14:06  Liberator  
  144  14:12  Marauder, Marine  
  144  14:13  Marine, Widow Mine x2, Liberator  
  144  14:16  Marine  
  153  14:17  Marauder  
  153  14:18  Marauder  
  153  14:20  Marine  
  157  14:27  Widow Mine  
  157  14:30  Marine  
  159  14:33  Unknown  
  159  14:34  Marauder  
  159  14:36  Marine, Liberator  
  159  14:38  Marauder  
  148  14:39  Marauder  
  148  14:42  Marine, Widow Mine  
  148  14:43  Marine  
  147  14:48  Marine  
  147  14:49  Liberator  
  148  14:54  Marine  
  148  14:55  Marauder  
  148  14:59  Marauder  
  156  15:00  Marauder, Marine  
  160  15:07  Marine, Liberator  
  160  15:08  Marine  
  160  15:12  Marine  
  159  15:17  Marauder  
  159  15:18  Marine  
  159  15:21  Marauder  
  153  15:22  Marauder  
  153  15:25  Marine  
  153  15:26  Marine  
  150  15:30  Marine  
  136  15:35  Marine  
  136  15:37  Widow Mine  
  136  15:38  Marauder  
  136  15:42  Marauder, Widow Mine  
  141  15:43  Marauder, Marine  
  149  15:51  Medivac x2  
  150  15:59  Marauder  
  151  16:05  Marine x2  
  151  16:06  Marine  
  151  16:07  Medivac, Marine  
  152  16:15  Widow Mine  
  150  16:21  Medivac  
  150  16:22  Command Center, Unknown  
  135  16:44  Unknown x3, Marine  
  135  16:45  Marine  
Tags
 
Add a new tag
Caveats
  • Supply blocks, unpowered buildings, or Contaminate may cause inaccurate times.
  • Supply counts are checked every 10 seconds.